Map: Cyber Forest LE

Players

Denver - Winner!

  • Race: Zerg Zerg
  • Spawn Location: 5:00

iAsonu

  • Race: Zerg Zerg
  • Spawn Location: 11:00

Event: 2019 WCS Summer

VOD

Have the link to the VOD?

Description

Time

  • Played on: July 13, 2019, 8:01 a.m.
  • Length: 5:41

All games in this series

Show
View Real Time Build Order
Export as new Build Order

Denver Zerg - Winner!

Build Orders: Pool First 

Get SALT Encoding   

  12  0:18  Spawning Pool  
  11  0:22  Drone  
  11  0:26  Drone  
  13  0:30  Drone  
  14  0:40  Overlord  
  14  1:05  Zergling x6  
  17  1:16  Zergling x2  
  18  1:18  Hatchery  
  17  1:27  Zergling x2  
  18  1:33  Queen  
  18  1:35  Extractor  
  19  1:40  Zergling x2  
  20  1:53  Zergling x2  
  21  1:59  Overlord  
  21  2:17  Drone, Queen  
  22  2:26  Drone  
  20  2:40  Zergling x2  
  20  2:41  Zergling x2  
  22  2:47  Metabolic Boost  
  22  2:49  Zergling x4  
  24  2:52  Zergling x2  
  24  2:59  Zergling x4  
  24  3:03  Drone  
  26  3:13  Zergling x2  
  26  3:14  Zergling x4  
  26  3:19  Zergling x2  
  30  3:26  Zergling x4  
  32  3:33  Zergling x4  
  34  3:39  Overlord  
  34  3:47  Zergling x2  
  35  3:59  Zergling x8  
  39  4:05  Zergling x2  
  39  4:06  Zergling x2  
  41  4:11  Zergling x2  
  41  4:19  Zergling x4  
  41  4:25  Zergling x4  
  41  4:31  Zergling x4  
  36  4:48  Zergling x10  
  33  5:00  Zergling x6  
  33  5:05  Zergling x2  
  33  5:06  Zergling x2  
  31  5:19  Zergling x2  
Show
View Real Time Build Order
Export as new Build Order

iAsonu Zerg 

Build Orders: Hatch First 

Get SALT Encoding   

  12  0:00  Drone  
  13  0:12  Overlord  
  13  0:17  Drone  
  14  0:31  Drone x2  
  16  0:49  Hatchery  
  15  0:52  Drone  
  15  0:55  Drone  
  17  1:09  Spawning Pool  
  16  1:11  Extractor  
  16  1:13  Drone  
  16  1:17  Drone  
  17  1:20  Drone  
  18  1:28  Drone  
  19  1:56  Zergling x4  
  19  2:00  Queen  
  19  2:01  Zergling x2, Queen  
  24  2:02  Zergling x2  
  27  2:11  Zergling x2  
  25  2:22  Drone  
  25  2:28  Drone  
  25  2:34  Drone  
  25  2:36  Drone  
  27  2:40  Drone  
  28  3:05  Queen, Spine Crawler, Overlord  
  27  3:11  Overlord  
  27  3:15  Evolution Chamber  
  27  3:18  Evolution Chamber  
  25  3:22  Zergling x4  
  25  3:25  Drone  
  28  3:27  Drone  
  28  3:31  Drone  
  28  3:33  Drone  
  31  3:38  Drone x2  
  33  3:46  Drone x2  
  35  3:50  Drone  
  35  3:51  Drone  
  35  3:55  Drone x2  
  39  4:01  Drone  
  40  4:13  Evolution Chamber  
  40  4:16  Zergling x2  
  40  4:17  Zergling x2  
  40  4:18  Zergling x6  
  40  4:23  Overlord  
  44  4:27  Spore Crawler  
  44  4:28  Queen  
  44  4:30  Spore Crawler  
  43  4:32  Overlord  
  42  4:45  Zergling x8  
  45  4:48  Queen  
  45  4:50  Spine Crawler  
  44  4:59  Zergling x2  
  35  5:02  Zergling x2  
  35  5:06  Drone  
  27  5:15  Drone  
  27  5:18  Drone  
Tags
 
Add a new tag
Caveats
  • Supply blocks, unpowered buildings, or Contaminate may cause inaccurate times.
  • Supply counts are checked every 10 seconds.